Map: [ESL] Inside and Out

Players

ShaDoWn

  • Race: Protoss Protoss
  • Spawn Location: 7:00

DnS - Winner!

  • Race: Protoss Protoss
  • Spawn Location: 1:00

Event: DreamHack SC2 Masters 2022 Atlanta (Online)

VOD

Have the link to the VOD?

Description

Time

  • Played on: Oct. 9, 2022, 11:06 a.m.
  • Length: 9:00

All games in this series

Show
View Real Time Build Order
Export as new Build Order

ShaDoWn Protoss 

Build Orders:  

Get SALT Encoding   

  12  0:00  Probe  
  13  0:12  Probe  
  14  0:17  Pylon  
  14  0:24  Probe  
  15  0:35  Gateway  
  15  0:37  Probe (Chrono Boost)  
  16  0:46  Probe (Chrono Boost), Assimilator  
  17  0:51  Probe (Chrono Boost)  
  17  0:55  Assimilator  
  18  1:03  Probe (Chrono Boost)  
  19  1:07  Gateway  
  19  1:13  Probe (Chrono Boost)  
  19  1:18  Probe (Chrono Boost)  
  20  1:23  Cybernetics Core  
  21  1:29  Probe  
  22  1:39  Pylon  
  22  1:41  Probe  
  23  1:59  Robotics Facility  
  23  2:00  Stalker  
  25  2:04  Stalker  
  27  2:11  Warp Gate  
  27  2:15  Pylon  
  27  2:23  Probe  
  28  2:30  Stalker  
  28  2:35  Stalker  
  32  2:48  Immortal (Chrono Boost)  
  36  2:57  Pylon  
  36  3:16  Warp Prism (Chrono Boost)  
  38  3:44  Nexus, Probe  
  38  3:46  Observer  
  40  3:56  Probe  
  40  4:01  Sentry  
  40  4:02  Stalker  
  44  4:04  Pylon  
  44  4:08  Probe  
  45  4:22  Pylon  
  45  4:25  Shield Battery  
  45  4:31  Pylon  
  44  4:40  Probe (Chrono Boost)  
  44  4:46  Pylon  
  44  4:47  Twilight Council  
  44  4:49  Sentry  
  44  4:51  Probe (Chrono Boost)  
  47  4:56  Probe (Chrono Boost)  
  47  4:59  Probe (Chrono Boost)  
  50  5:12  Adept x2, Probe x2 (Chrono Boost)  
  54  5:17  Probe (Chrono Boost)  
  54  5:19  Probe (Chrono Boost)  
  54  5:24  Blink (Chrono Boost)  
  54  5:27  Probe  
  55  5:30  Probe  
  55  5:31  Observer  
  56  5:39  Probe  
  57  5:43  Probe, Stalker x2  
  62  5:51  Probe  
  62  5:55  Probe  
  64  6:03  Probe  
  65  6:07  Probe  
  65  6:08  Stalker x2  
  70  6:15  Probe  
  70  6:19  Probe  
  71  6:27  Probe  
  71  6:31  Probe  
  72  6:35  Stalker x2  
  72  6:39  Probe  
  77  6:41  Pylon  
  77  6:43  Probe  
  77  6:46  Forge  
  78  6:50  Shield Battery  
  78  6:53  Nexus  
  78  6:59  Probe x2  
  80  7:01  Assimilator, Stalker  
  80  7:04  Stalker  
  84  7:11  Probe x2  
  84  7:14  Observer, Pylon  
  84  7:15  Charge (Chrono Boost)  
  86  7:32  Probe x2, Gateway  
  86  7:33  Stalker  
  86  7:34  Pylon  
  86  7:36  Stalker  
  92  7:44  Probe x2  
  91  7:56  Probe x2  
  86  8:06  Robotics Facility, Stalker x2  
  86  8:08  Probe x2  
  86  8:09  Probe  
  75  8:21  Probe x2  
  75  8:23  Probe  
  75  8:24  Shield Battery  
  74  8:27  Stalker  
  74  8:30  Stalker x2  
  74  8:33  Probe  
  76  8:35  Probe  
  76  8:39  Probe  
  66  8:44  Stalker  
  66  8:45  Probe  
  66  8:47  Probe  
  60  8:53  Stalker x2  
Show
View Real Time Build Order
Export as new Build Order

DnS Protoss - Winner!

Build Orders: Phoenix Opening 

Get SALT Encoding   

  12  0:00  Probe  
  13  0:12  Probe  
  14  0:18  Pylon  
  14  0:24  Probe (Chrono Boost)  
  15  0:37  Probe (Chrono Boost), Gateway  
  16  0:45  Probe (Chrono Boost)  
  16  0:46  Assimilator  
  17  0:51  Probe  
  18  1:03  Probe (Chrono Boost)  
  19  1:12  Assimilator  
  19  1:13  Gateway, Probe (Chrono Boost)  
  20  1:18  Probe (Chrono Boost)  
  21  1:25  Cybernetics Core  
  21  1:29  Probe  
  22  1:36  Pylon  
  22  1:42  Probe  
  24  1:54  Probe  
  24  2:02  Warp Gate, Stalker x2  
  24  2:06  Probe  
  29  2:13  Pylon  
  29  2:31  Stargate  
  28  2:41  Stalker  
  28  2:43  Stalker  
  32  2:52  Gateway  
  32  3:04  Shield Battery  
  32  3:14  Phoenix (Chrono Boost)  
  32  3:15  Pylon  
  34  3:30  Phoenix (Chrono Boost)  
  36  3:50  Stalker  
  36  3:52  Stalker x2  
  42  4:09  Phoenix  
  44  4:19  Nexus  
  44  4:24  Probe  
  44  4:30  Pylon  
  45  4:41  Probe  
  45  4:45  Twilight Council  
  46  4:59  Probe  
  47  5:03  Adept x2  
  47  5:06  Pylon  
  51  5:11  Probe (Chrono Boost)  
  52  5:20  Blink (Chrono Boost)  
  52  5:23  Probe (Chrono Boost)  
  53  5:28  Stalker  
  53  5:29  Probe (Chrono Boost)  
  54  5:37  Probe (Chrono Boost)  
  56  5:44  Probe (Chrono Boost)  
  56  5:48  Probe (Chrono Boost)  
  57  5:53  Probe (Chrono Boost)  
  58  5:59  Probe (Chrono Boost)  
  58  6:04  Gateway  
  60  6:06  Robotics Facility, Probe (Chrono Boost)  
  61  6:11  Probe (Chrono Boost)  
  62  6:19  Probe x2 (Chrono Boost)  
  63  6:26  Probe  
  63  6:27  Probe  
  63  6:30  Stalker x3  
  71  6:38  Probe  
  71  6:39  Probe  
  72  6:50  Probe  
  73  6:58  Nexus, Observer  
  73  6:59  Probe  
  73  7:00  Stalker  
  77  7:02  Probe  
  77  7:03  Pylon  
  77  7:05  Pylon  
  78  7:15  Pylon  
  78  7:20  Assimilator  
  78  7:21  Probe x2, Pylon  
  80  7:23  Stalker x3  
  80  7:28  Stalker  
  88  7:33  Probe  
  89  7:45  Probe x2  
  89  7:49  Stalker x3  
  89  7:50  Stalker  
  95  7:59  Probe x2  
  94  8:07  Forge  
  94  8:11  Probe  
  95  8:14  Stalker x2  
  95  8:18  Probe  
  88  8:21  Stalker  
  88  8:23  Probe  
  88  8:26  Stalker  
  93  8:28  Probe  
  93  8:31  Probe  
  95  8:39  Probe  
  95  8:41  Probe, Stalker  
  95  8:42  Stalker  
  95  8:43  Probe  
  95  8:49  Stalker x2  
Tags
 
Add a new tag
Caveats
  • Supply blocks, unpowered buildings, or Contaminate may cause inaccurate times.
  • Supply counts are checked every 10 seconds.